 Dungeon Crawl Stone Soup version 0.22-a0-542-gce4f928 (webtiles) character file.

361 inc the Skirmisher (level 6, -2/46 HPs)
             Began as an Octopode Wizard on June 24, 2018.
             Was an Initiate of Gozag.
             Shot with an arrow by a centaur (8 damage)
             ... on level 5 of the Dungeon.
             The game lasted 00:10:05 (5150 turns).

inc the Skirmisher (Octopode Wizard)                Turns: 5150, Time: 00:10:06

Health: -2/46      AC:  1    Str:  7 (9)  XL:     6   Next: 66%
Magic:  10/10      EV: 18    Int: 31 (33) God:    Gozag
Gold:   176        SH:  0    Dex: 10 (11) Spells: 3/11 levels left

rFire    . . .     SeeInvis .   v - +4 hunting sling "Qiristuoso" {freeze, rElec rPois Int+10 Dex-4}
rCold    . . .     Gourm    .   (no shield)
rNeg     . . .     Faith    .   a - +0 hat
rPois    +         Spirit   .   (no amulet)
rElec    +         Reflect  .   (no ring)
rCorr    .         Harm     .   t - +3 ring of strength
MR       .....                  (no ring)
Stlth    ++++......             (no ring)
HPRegen  0.15/turn              (no ring)
MPRegen  0.12/turn              (no ring)
                                (no ring)
                                (no ring)

@: agile, flying
A: almost no armour, stealthy swim, amphibious, 8 rings, constrict 8, camouflage
1, gelatinous body 1
a: Potion Petition, Call Merchant, Bribe Branch, Renounce Religion


You were on level 5 of the Dungeon.
You worshipped Gozag.
Gozag was aware of your devotion.
You were not hungry.

You visited 2 branches of the dungeon, and saw 6 of its levels.

You collected 222 gold pieces.
You paid 46 gold pieces to Gozag.

Inventory:

Hand Weapons
 d - a +0 spear
 f - a +0 short sword
 v - the +4 hunting sling "Qiristuoso" (weapon) {freeze, rElec rPois Int+10 Dex-4}
   (You found it on level 5 of the Dungeon)

   It causes projectiles fired from it to freeze those they strike, causing
   extra injury to most foes and up to half again as much damage against
   particularly susceptible opponents.
   They can also slow down cold-blooded creatures.
   It affects your intelligence (+10).
   It affects your dexterity (-4).
   It insulates you from electricity.
   It protects you from poison.
Missiles
 w - 47 stones (quivered)
Armour
 a - a +0 hat (worn)
Jewellery
 m - a -2 ring of protection
 q - an uncursed ring of poison resistance {unknown}
 t - a +3 ring of strength (right tentacle)
Scrolls
 b - a scroll of magic mapping
 e - a scroll of blinking
 h - a scroll of enchant weapon {unknown}
 i - a scroll of fog
 k - 2 scrolls of amnesia {unknown}
 o - a scroll of fear
 r - a scroll of noise {unknown}
 u - a scroll of identify
Potions
 j - 2 potions of mutation
 l - 3 potions of haste
 n - a potion of agility
 p - a potion of curing
Comestibles
 c - 10 rations


   Skills:
 - Level 5.8 Fighting
 + Level 1.7 Slings
 - Level 2.0 Dodging
 - Level 2.6 Stealth
 - Level 3.0 Spellcasting
 - Level 1.7 Conjurations
 - Level 1.0 Summonings
 - Level 1.0 Translocations
 - Level 0.3 Air Magic
 - Level 0.4 Poison Magic


You had 3 spell levels left.
You knew the following spells:

 Your Spells              Type           Power        Failure   Level  Hunger
a - Magic Dart            Conj           ###.         3%          1    None
b - Blink                 Tloc           N/A          7%          2    #......
c - Mephitic Cloud        Conj/Pois/Air  #.......     14%         3    ##.....
d - Call Imp              Summ           ##......     7%          2    #......

Your spell library contained the following spells:

 Spells                   Type           Power        Failure   Level  Hunger
 Conjure Flame            Conj/Fire      #.......     14%         3    ##.....
 Slow                     Hex            #.......     10%         2    #......


Dungeon Overview and Level Annotations

Branches:
Dungeon (5/15)             Temple (1/1) D:4

Altars:
Ashenzari
Cheibriados
Dithmenos
Elyvilon
Fedhas
Gozag
Hepliaklqana
Kikubaaqudgha
Makhleb
Nemelex Xobeh
Okawaru
Qazlal
Ru
Sif Muna
Trog
Uskayaw
Vehumet
Wu Jian
Xom
Zin
The Shining One


Innate Abilities, Weirdness & Mutations

You cannot wear most types of armour.
You are very stealthy in the water. (Stealth+)
You are amphibious.
You can wear up to eight rings at the same time.
You can use your tentacles to constrict eight enemies at once.
Your skin changes colour to match your surroundings (Stealth+).
Your rubbery body absorbs attacks. (AC +1, EV +1)


Message History

The centaur shoots an arrow.
The arrow hits you!
The centaur shoots an arrow.
The arrow hits you.
* * * LOW HITPOINT WARNING * * *
The centaur shoots an arrow.
The arrow hits you!
* * * LOW HITPOINT WARNING * * *
A quokka zombie comes into view.
It was a potion of agility.
You feel agile all of a sudden.
It was a potion of curing.
You feel better.
The centaur shoots an arrow.
The arrow hits you!
* * * LOW HITPOINT WARNING * * *
The centaur shoots an arrow.
The arrow completely misses you.
It was a potion of degeneration.
There was something very wrong with that liquid.
You feel weakened.
You feel dopey.
You feel clumsy.
It was a potion of flight.
You feel very buoyant.
You fly up into the air.
The centaur shoots an arrow.
The arrow hits you!
You die...
Your body crumbles into a pile of gold.

####### #.....#######
#...........###### . #
#.........[......# (Z#.
#................# (.c..
#@...............#
.....%###(..(#######.....#
(....c.(c.................
....####(....#########.###
. #...### ....# #...#
#....... #...# .........
.....# ####...... .....##
#....##


You could see a centaur.

Vanquished Creatures
  An ogre (D:4)
  2 scorpions
  An iguana (D:4)
  2 worker ants
  A howler monkey skeleton (D:5)
  4 adders
  2 oozes
  2 worms
  A dart slug (D:1)
  5 leopard geckos
  2 orcs (D:4)
  9 bats
  A giant cockroach (D:4)
  6 goblins
  3 hobgoblins
  4 jackals (D:1)
  5 kobolds
  A quokka (D:3)
  A ball python (D:2)
  5 frilled lizards
  A giant cockroach zombie (D:5)
  8 rats
67 creatures vanquished.

Notes
Turn   | Place    | Note
-------+----------+-------------------------------------------
     0 | D:1      | inc the Octopode Wizard began the quest for the Orb.
     0 | D:1      | Reached XP level 1. HP: 11/11 MP: 4/4
   103 | D:1      | Reached skill level 1 in Fighting
   258 | D:1      | Reached XP level 2. HP: 18/19 MP: 6/6
   323 | D:1      | Reached skill level 2 in Fighting
   791 | D:2      | Reached XP level 3. HP: 25/25 MP: 7/7
  1054 | D:2      | Reached skill level 3 in Fighting
  1513 | D:2      | Reached XP level 4. HP: 16/31 MP: 8/8
  1801 | D:2      | Found a bloodstained altar of Trog.
  2249 | D:3      | Found a glowing golden altar of the Shining One.
  2249 | D:3      | Found a radiant altar of Vehumet.
  2357 | D:3      | Reached skill level 4 in Fighting
  2661 | D:3      | Found a blossoming altar of Fedhas.
  2872 | D:4      | Reached XP level 5. HP: 27/38 MP: 4/9
  2878 | D:4      | Learned a level 2 spell: Blink
  2957 | D:3      | HP: 1/38 [poisoned by a scorpion]
  3262 | D:3      | Learned a level 2 spell: Call Imp
  3266 | D:3      | Learned a level 3 spell: Mephitic Cloud
  3286 | D:4      | Found a staircase to the Ecumenical Temple.
  3306 | Temple   | Entered the Ecumenical Temple
  3391 | Temple   | Became a worshipper of Gozag Ym Sagoz the Greedy
  3516 | D:4      | Noticed an ogre
  3741 | D:4      | Reached skill level 5 in Fighting
  3913 | D:4      | Noticed a phantom
  3992 | D:4      | Killed an ogre
  3992 | D:4      | Reached XP level 6. HP: 46/46 MP: 3/10
  4494 | D:5      | Entered Level 5 of the Dungeon
  4530 | D:5      | Got a faintly glowing hunting sling
  4531 | D:5      | Identified the +4 hunting sling "Qiristuoso" {freeze, rElec rPois Int+10 Dex-4} (You found it on level 5 of the Dungeon)
  5139 | D:5      | Reached skill level 1 in Slings
  5150 | D:5      | Shot with an arrow by a centaur

Vault maps used:
D:1:      ncdulo_watergridlock, minmay_crystal_room
D:2:      minmay_door_path, trog_three_pillars_becter
D:3:      lemuel_coloured_pillars_altar, gammafunk_temple_overflow_statue,
          first_ration, serial_corexii_hall, corexii_hall_statues_i,
          corexii_hall_statues_i, corexii_hall_statues_s, corexii_hall_statues_l
D:4:      minmay_temple_entry_butterflies, eino_small_chamber_without_monster
D:5:      minmay_mini_ossuary
Temple:   eino_narrow_crystal_temple

Skill      XL: |  1  2  3  4  5  6 |
---------------+-------------------+-----
Fighting       | 1 2 3 4 5 |  5.8
Slings         | 1 |  1.7
Dodging        | |  2.0
Stealth        | |  2.6
Spellcasting   | |  3.0
Conjurations   | |  1.7
Summonings     | |  1.0
Translocations | |  1.0
Air Magic      | |  0.3
Poison Magic   | |  0.4

Action                   |  1- 3 |  4- 6 || total
-------------------------+-------+-------++-------
Melee: Unarmed           |    11 |       ||    11
       Spear             |    86 |   104 ||   190
       Tentacles         |    12 |    11 ||    23
       Constrict         |    20 |    21 ||    41
       Short sword       |       |     6 ||     6
 Fire: Hunting sling     |       |    19 ||    19
 Cast: Magic Dart        |       |     6 ||     6
       Blink             |       |     6 ||     6
       Call Imp          |       |     4 ||     4
       Mephitic Cloud    |       |     1 ||     1
  Use: Scroll            |       |     9 ||     9
       Potion            |       |     4 ||     4
 Stab: Sleeping          |     8 |     7 ||    15
       Distracted        |       |     1 ||     1
  Eat: Chunk             |     1 |     7 ||     8
       Ration            |       |     2 ||     2
Armor: Skin              |     8 |     7 ||    15
Dodge: Dodged            |    58 |    56 ||   114

Table legend:
 A = Spawn XP
 B = Non-spawn XP
 C = Spawn XP percentage of total XP
 D = Spawn monster count
 E = Non-spawn monster count
 F = Spawn count percentage of total count
 G = Total turns spent on level
                    A         B        C        D         E        F      G
               +---------+---------+-------+---------+---------+-------+---------
         Total |       0 |     516 |   0.0 |       0 |      67 |   0.0 |  5150
               +---------+---------+-------+---------+---------+-------+---------
           D:1 |       0 |      32 |   0.0 |       0 |      14 |   0.0 |   826
           D:2 |       0 |      57 |   0.0 |       0 |      19 |   0.0 |  1376
           D:3 |       0 |      57 |   0.0 |       0 |      21 |   0.0 |  1468
           D:4 |       0 |     246 |   0.0 |       0 |       8 |   0.0 |  1008
           D:5 |       0 |     124 |   0.0 |       0 |       5 |   0.0 |   285
               +---------+---------+-------+---------+---------+-------+---------
